 Dungeon Crawl Stone Soup version 0.21-a0-279-g6037ffb (console) character file.

43 removed the Grave Robber (level 3, -2/26 HPs)
             Began as a Demigod Necromancer on Sept 23, 2017.
             Slain by Natasha (6 damage)
             ... on level 2 of the Dungeon.
             The game lasted 00:02:50 (1306 turns).

removed the Grave Robber (Demigod Necromancer)      Turns: 1306, Time: 00:02:51

Health: -2/26      AC:  2    Str: 11    XL:     3   Next: 20%
Magic:  0/8        EV: 12    Int: 21    God:
Gold:   20         SH:  0    Dex: 16    Spells: 1/5 levels left

rFire    . . .     SeeInvis .   j - +0 spear
rCold    + . .     Gourm    .   (no shield)
rNeg     . . .     Faith    .   a - +0 robe
rPois    +         Spirit   .   (no helmet)
rElec    .         Reflect  .   (no cloak)
rCorr    .         Harm     .   (no gloves)
MR       .....                  (no boots)
Stlth    ++........             (no amulet)
HPRegen  0.08/turn              l - ring of protection from cold
MPRegen  0.11/turn              m - ring of poison resistance

@: slowed, very slow
A: high mp 1
a: no special abilities


You were on level 2 of the Dungeon.
You were not hungry.

You visited 1 branch of the dungeon, and saw 2 of its levels.

You collected 20 gold pieces.

Inventory:

Hand Weapons
 e - a +0 whip
 j - a +0 spear (weapon)
Armour
 a - a +0 robe (worn)
Jewellery
 l - a ring of protection from cold (left hand)
 m - a ring of poison resistance (right hand)
Scrolls
 g - a scroll of identify {unknown}
 i - a scroll of teleportation {unknown}
 o - a scroll of remove curse {unknown}
Books
 b - a book of Necromancy

   Spells                             Type                      Level
   a - Pain                           Necromancy                   1
   b - Animate Skeleton               Necromancy                   1
   c - Vampiric Draining              Necromancy                   3
   d - Regeneration                   Charms/Necromancy            3
   e - Animate Dead                   Necromancy                   4
   f - Control Undead                 Necromancy                   4
Comestibles
 c - 3 bread rations
 f - 3 meat rations
 k - a fruit
 p - a chunk of flesh


   Skills:
 - Level 1.7 Dodging
 - Level 1.7 Stealth
 - Level 1.7 Spellcasting
 + Level 4.7 Necromancy


You had one spell level left.
You knew the following spells:

 Your Spells              Type           Power        Failure   Level  Hunger
a - Pain                  Necr           ###.         2%          1    #......
b - Vampiric Draining     Necr           ###.......   6%          3    ###....


Dungeon Overview and Level Annotations

Branches:
Dungeon (2/15)

Annotations:
D:2 Natasha, Robin


Innate Abilities, Weirdness & Mutations

You have an increased reservoir of magic. (+10% MP)


Message History

Press: ? - help, v - describe, . - travel
Here: Natasha (severely wounded, fast)
The floor.
It was a potion of curing.
You feel better. Natasha claws you!
* * * LOW HITPOINT WARNING * * *
Natasha barely misses you.
You aren't carrying any items that you can evoke.
Wield which item (- for none, * to show all)? (? for menu, Esc to quit)
j - a +0 spear (weapon)
Natasha claws you.
* * * LOW HITPOINT WARNING * * *
You hit Natasha but do no damage.
Natasha is severely wounded.
Natasha stares at you and mumbles some strange words.
You feel yourself slow down.
You hit Natasha.
Natasha is almost dead.
The shadow imp disappears in a puff of smoke!
Natasha claws you.
You die...

...... ...# #.g
.....5#####.######... #..
...................##.
#†#### ..............##
#.##....## #...%...#...##
#.##.....## #.5.....###.5#
#.#.†.....# l..........#
##§# #.#.......#
..###......# #h##
#.#g......# . #......# #.@#
#.##.....##
...##########.####....g..>.#
..#. #...................#
...#. #..#####.####........#
.. #....##......##
####.##.....## #..##..###
##.###.# #...#.#######


You could see Natasha and a shadow imp.

Vanquished Creatures
  2 adders (D:2)
  2 leopard geckos (D:1)
  2 giant cockroaches (D:1)
  6 goblins
  6 bats
  2 frilled lizards
  A kobold (D:1)
  2 rats (D:1)
23 creatures vanquished.

Notes
Turn   | Place    | Note
-------+----------+-------------------------------------------
     0 | D:1      | removed the Demigod Necromancer began the quest for the Orb.
     0 | D:1      | Reached XP level 1. HP: 14/14 MP: 5/5
   230 | D:1      | Reached skill level 4 in Necromancy
   427 | D:1      | Reached XP level 2. HP: 20/20 MP: 5/7
  1136 | D:2      | Noticed Robin
  1208 | D:2      | Reached XP level 3. HP: 21/26 MP: 3/8
  1254 | D:1      | Learned a level 3 spell: Vampiric Draining
  1283 | D:2      | Noticed Natasha
  1306 | D:2      | Slain by Natasha

Vault maps used:
D:1:      saegor_arrival_miasma
D:2:      yredelemnul_forgotten_temple_becter, okawaru_gym_becter, uniq_natasha,
          uniq_terence, uniq_robin

Skill      XL: |  1 |
---------------+----+-----
Necromancy     | 4 |  4.7
Dodging        | |  1.7
Stealth        | |  1.7
Spellcasting   | |  1.7

Action                   || total
-------------------------++-------
Melee: Spear             ||     2
 Cast: Pain              ||    48
  Use: Potion            ||     1
  Eat: Chunk             ||     2
Armor: Robe              ||     2
Dodge: Dodged            ||    12

Table legend:
 A = Spawn XP
 B = Non-spawn XP
 C = Spawn XP percentage of total XP
 D = Spawn monster count
 E = Non-spawn monster count
 F = Spawn count percentage of total count
 G = Total turns spent on level
                    A         B        C        D         E        F      G
               +---------+---------+-------+---------+---------+-------+---------
         Total |       0 |      62 |   0.0 |       0 |      23 |   0.0 |  1306
               +---------+---------+-------+---------+---------+-------+---------
           D:1 |       0 |      28 |   0.0 |       0 |      16 |   0.0 |  1110
           D:2 |       0 |      34 |   0.0 |       0 |       7 |   0.0 |   196
               +---------+---------+-------+---------+---------+-------+---------
